 Dungeon Crawl Stone Soup version bcrawl-1.21.2-20-g6d45ba5942 (webtiles) character file.

Game seed: 2152581974641064475

18876 Freyura the Bludgeoner (level 12, -3/126 HPs)
             Began as a Troll Fighter on Feb 25, 2020.
             Was a Priest of the Shining One.
             Killed from afar by Roxanne (35 damage)
             ... with an orb of energy
             ... on level 12 of the Dungeon on Feb 28, 2020.
             The game lasted 00:36:59 (9528 turns).

Freyura the Bludgeoner (Troll Fighter)              Turns: 9528, Time: 00:36:59

Health: -3/126     AC: 12    Str: 32    XL:     12   Next: 31%
Magic:  15/15      EV: 10    Int:  5    God:    the Shining One [***...]
Gold:   722        SH:  5    Dex: 13    Spells: 11/11 levels left

rFire    . . .     SeeInvis .   t - +0 giant club
rCold    . . .     Gourm    +   (shield currently unavailable)
rNeg     + . .     Faith    .   (armour unavailable)
rPois    .         Spirit   .   (helmet restricted)
rElec    +         Reflect  +   q - +2 cloak
rCorr    .         Harm     .   (gloves unavailable)
MR       .....                  (boots unavailable)
Stlth    +.........             y - +5 amulet of reflection
HPRegen  1.11/turn              o - +5 ring of strength
MPRegen  0.14/turn              F - ring of insulation

@: glowing
A: large, almost no armour, unfitting armour, claws 3, fast metabolism 3,
gourmand, regeneration 2, AC +9
a: Divine Shield, Renounce Religion


You were on level 12 of the Dungeon.
You worshipped the Shining One.
The Shining One was most pleased with you.
You were completely stuffed.

You visited 2 branches of the dungeon, and saw 13 of its levels.

You collected 1175 gold pieces.
You spent 453 gold pieces at shops.

Inventory:

Hand Weapons
 t - a +0 giant club (weapon)
Missiles
 n - 2 throwing nets (quivered) {!f}
Armour
 b - the +10 large shield of Ignorance {rN+ Int-4}
   (You found it on level 7 of the Dungeon)

   It affects your intelligence (-4).
   It protects you from negative energy.
 q - a +2 cloak (worn)
Jewellery
 o - a +5 ring of strength (left claw)
 x - an uncursed ring of resist corrosion
 y - a +5 amulet of reflection (around neck)
 A - an uncursed ring of fire
 B - an uncursed amulet of the acrobat
 F - a ring of insulation (right claw)
 H - an uncursed ring of positive energy
 J - a +6 ring of intelligence
Wands
 g - a wand of iceblast (6)
 u - a wand of polymorph (53)
 v - a wand of paralysis (13)
 z - a wand of flame (13)
Scrolls
 c - 3 scrolls of teleportation
 l - 2 scrolls of fog
 r - 14 scrolls of remove curse
 C - a scroll of blinking
 D - a scroll of immolation
 G - a scroll of enchant weapon
 I - a scroll of identify
 M - 2 scrolls of silence {unknown}
Potions
 a - a potion of resistance {unknown}
 d - 3 potions of berserk rage
 f - a potion of invisibility {unknown}
 h - a potion of flight
 j - 2 potions of brilliance
 k - 2 potions of heal wounds
 m - 2 potions of cancellation
 p - a potion of curing {unknown}
 s - 2 potions of might
 w - 2 potions of magic
 E - 2 potions of haste
 K - a potion of mutation {unknown}
Comestibles
 e - 24 rations {!d}
 i - 10 chunks of flesh


   Skills:
 + Level 9.9 Fighting
 * Level 15.3 Maces & Flails
 - Level 2.4 Dodging
 - Level 2.0 Shields
 + Level 5.8 Invocations


You had 11 spell levels left.
You didn't know any spells.
Your spell library contained the following spells:

 Spells                   Type           Power        Failure   Level  Hunger
 Apportation              Tloc           #.....       47%         1    ##.....
 Infusion                 Chrm           #.......     47%         1    ##.....
 Sandblast                Erth           #.....       47%         1    ##.....
 Shock                    Conj/Air       #....        47%         1    ##.....
 Slow                     Hex            #.......     47%         1    ##.....
 Summon Butterflies       Summ           #.......     47%         1    ##.....
 Swiftness                Chrm/Air       #.......     63%         2    ###....
 Static Discharge         Air            #.......     85%         3    ####...
 Airstrike                Air            #.........   99%         4    #####..
 Iskenderun's Battlesphe  Conj/Chrm      #.......     100%        5    ######.
 Lightning Bolt           Conj/Air       #.........   100%        5    ######.
 Iron Shot                Conj/Erth      #.........   100%        6    #######
 Poison Arrow             Conj/Pois      #.........   100%        6    #######
 Orb of Destruction       Conj           #.........   100%        7    #######
 Spellforged Servitor     Conj/Summ      #.........   100%        7    #######


Dungeon Overview and Level Annotations

Branches:
Dungeon (12/12)            Temple (1/1) D:4            Lair (0/6) D:9
    Orc (0/1) D:9
 Vaults: D:11-12     Depths: D:12

Altars:
Ashenzari
Cheibriados
Dithmenos
Elyvilon
Fedhas
Gozag
Hepliaklqana
Kikubaaqudgha
Lugonu
Makhleb
Nemelex Xobeh
Okawaru
Qazlal
Ru
Sif Muna
Trog
Uskayaw
Vehumet
Wu Jian
Xom
Yredelemnul
Zin
The Shining One

Shops:
D:4 :=?   D:9 *

Annotations:
D:7 exclusion: 4 orange crystal statues
D:12 Roxanne


Innate Abilities, Weirdness & Mutations

You cannot wear most types of armour.
Your thick skin is tough. (AC +9)
You are too large for most types of armour.
You have claws for hands.
Your metabolism is lightning-fast.
You like to eat raw meat.
You heal very quickly.


Message History

You are too injured to fight recklessly!
You are too injured to fight recklessly!
You bludgeon the two-headed ogre!!
The two-headed ogre is heavily wounded.
You bludgeon the cyclops!!
You kill the cyclops!
You bludgeon the green ugly thing!!
The green ugly thing trunk-slaps you but does no damage.
You hit the two-headed ogre.
The two-headed ogre is heavily wounded.
You hammer the green ugly thing like a gong!!!
You kill the green ugly thing!
The two-headed ogre hits you with a +0 giant club!
The two-headed ogre hits you with a +0 giant spiked club!
* * * LOW HITPOINT WARNING * * *
You bludgeon the two-headed ogre!!
You kill the two-headed ogre!
Roxanne casts a spell.
The orb of energy hits you!!
You die...

# #.# #..# # #.# #..#
..# # #.# #..## ..#
######.# #...# ..#
.......####...###..#####
............8...........
......§.................
########..###..(........
# #..# #.)@....... # #.
# #.†........ # #.
#.......... # #
#.......... .
#.......... .
........... ..........?.
#############


You could see Roxanne.

Vanquished Creatures
  Snorg (D:12)
  A hydra (D:10)
  2 centaur warriors (D:11)
  2 two-headed ogres (D:12)
  An unseen horror (D:10)
  A cyclops (D:12)
  3 deep elf magi
  3 ugly things
  3 centaur skeletons
  4 trolls
  3 hippogriffs
  3 slime creatures
  A harpy skeleton (D:12)
  A shadow (D:10)
  2 wyverns
  13 yaks
  A steam dragon (D:7)
  2 hungry ghosts
  2 water moccasins
  A soldier ant (D:11)
  Duvessa (D:4)
  2 ice beasts
  A sky beast (D:6)
  2 black bears
  7 orc warriors
  5 ogres
  A necrophage (D:5)
  4 centaurs
  4 bullfrogs
  A big kobold (D:12)
  Dowan (D:4)
  8 scorpions
  9 killer bees
  5 wights (D:6)
  2 electric eels (D:9)
  8 howler monkeys
  5 crimson imps
  2 centaur zombies
  10 orc wizards
  A bullfrog skeleton (D:8)
  5 orc priests
  Crazy Yiuf (D:2)
  7 hounds
  4 jellies
  2 iguanas
  3 worker ants
  A hound skeleton (D:5)
  2 worker ant zombies
  7 gnolls
  9 adders
  2 shadow imps
  2 oozes
  2 adder skeletons
  4 worms
  5 dart slugs
  2 leopard geckos (D:2)
  37 orcs
  4 bats
  6 giant cockroaches
  5 goblins
  3 hobgoblins
  12 jackals
  5 quokkas
  A ball python (D:2)
  4 frilled lizards
  A jackal skeleton (D:4)
  9 kobolds
  5 rats
279 creatures vanquished.

Vanquished Creatures (others)
  A centaur skeleton (D:12)
  A slime creature (D:12)
  A centaur (D:12)
  A hound (D:10)
4 creatures vanquished.

Grand Total: 283 creatures vanquished

Notes
Turn   | Place    | Note
-------+----------+-------------------------------------------
     0 | D:1      | Freyura the Troll Fighter began the quest for the Orb.
     0 | D:1      | Reached XP level 1. HP: 22/22 MP: 0/0
   159 | D:1      | Reached XP level 2. HP: 10/29 MP: 1/1
   498 | D:1      | Reached skill level 3 in Maces & Flails
   853 | D:1      | Reached XP level 3. HP: 36/36 MP: 2/2
  1218 | D:2      | Gained mutation: Your natural rate of healing is unusually
                  | fast. [Troll growth]
  1218 | D:2      | Reached XP level 4. HP: 43/45 MP: 3/3
  1366 | D:2      | Reached skill level 4 in Maces & Flails
  1419 | D:2      | Found a runed door.
  1423 | D:2      | Noticed Crazy Yiuf
  1433 | D:2      | Killed Crazy Yiuf
  1785 | D:2      | Reached XP level 5. HP: 53/53 MP: 4/4
  2098 | D:3      | Reached skill level 5 in Maces & Flails
  2822 | D:3      | Reached XP level 6. HP: 55/62 MP: 5/5
  2950 | D:4      | Found a sacrificial altar of Ru.
  2950 | D:4      | Found an iron altar of Okawaru.
  2950 | D:4      | Found Rylih's Magic Scroll Emporium.
  2950 | D:4      | Noticed Duvessa
  2950 | D:4      | Noticed Dowan
  2962 | D:4      | Killed Duvessa
  2966 | D:4      | Reached skill level 6 in Maces & Flails
  2979 | D:4      | Found a burning altar of Makhleb.
  2980 | D:4      | Killed Dowan
  2980 | D:4      | Reached XP level 7. HP: 65/70 MP: 6/6
  3011 | D:4      | Found a basalt altar of Yredelemnul.
  3013 | D:4      | Found a shimmering blue altar of Sif Muna.
  3014 | D:4      | Found a sparkling altar of Nemelex Xobeh.
  3022 | D:4      | Found a hide-covered altar of Uskayaw.
  3057 | D:4      | Found Dagatyry's Jewellery Boutique.
  3117 | D:4      | Found a staircase to the Ecumenical Temple.
  3131 | Temple   | Entered the Ecumenical Temple
  3170 | Temple   | Became a worshipper of the Shining One
  3378 | D:4      | Reached skill level 7 in Maces & Flails
  3634 | D:4      | Found Niwamegh's Book Shop.
  3777 | D:5      | Entered Level 5 of the Dungeon
  3824 | D:5      | Reached skill level 5 in Fighting
  3920 | D:5      | Reached skill level 8 in Maces & Flails
  3920 | D:5      | Reached XP level 8. HP: 76/78 MP: 7/7
  4350 | D:4      | Bought a +5 amulet of reflection for 453 gold pieces
  4452 | D:6      | Reached skill level 9 in Maces & Flails
  4555 | D:6      | Reached * piety under the Shining One
  4906 | D:7      | Reached XP level 9. HP: 86/87 MP: 8/8
  4917 | D:7      | Found the +10 large shield of Ignorance {rN+ Int-4}
  4922 | D:7      | Found a runed door.
  4936 | D:7      | Reached skill level 10 in Maces & Flails
  4963 | D:7      | Noticed an orange crystal statue
  4963 | D:7      | Noticed an orange crystal statue
  4963 | D:7      | Noticed an orange crystal statue
  4963 | D:7      | Noticed an orange crystal statue
  4965 | D:7      | Found a runed door.
  4968 | D:7      | Noticed a troll
  5101 | D:6      | Found a glowing golden altar of the Shining One.
  5771 | D:7      | Reached skill level 11 in Maces & Flails
  5932 | D:7      | Found a hazy altar of Hepliaklqana.
  6096 | D:8      | Noticed a troll
  6100 | D:8      | Killed a troll
  6115 | D:8      | Reached ** piety under the Shining One
  6124 | D:8      | Reached XP level 10. HP: 88/100 MP: 9/9
  6229 | D:8      | Found a radiant altar of Vehumet.
  6291 | D:8      | Reached skill level 12 in Maces & Flails
  6790 | D:9      | Found a white marble altar of Elyvilon.
  6804 | D:9      | Noticed a purple ugly thing
  6811 | D:9      | Killed a purple ugly thing
  6869 | D:9      | Reached skill level 13 in Maces & Flails
  6946 | D:9      | Found a staircase to the Lair.
  7160 | D:9      | Found Yjigiph's Assorted Antiques.
  7267 | D:9      | Found a staircase to the Orcish Mines.
  7592 | D:10     | Entered Level 10 of the Dungeon
  7602 | D:10     | Reached *** piety under the Shining One
  7624 | D:10     | Noticed a six-headed hydra
  7628 | D:10     | Reached XP level 11. HP: 111/111 MP: 10/10
  7631 | D:10     | Killed a six-headed hydra
  7631 | D:10     | Reached skill level 1 in Invocations
  7827 | D:10     | Noticed an unseen horror
  7834 | D:10     | Killed an unseen horror
  7834 | D:10     | Reached skill level 14 in Maces & Flails
  8644 | D:11     | Noticed a centaur warrior
  8651 | D:11     | Noticed a centaur warrior
  8652 | D:11     | Killed a centaur warrior
  8660 | D:11     | Killed a centaur warrior
  8822 | D:11     | Found a gate leading to a gauntlet.
  8929 | D:11     | Noticed a green ugly thing
  8944 | D:11     | Killed a green ugly thing
  9024 | D:11     | Noticed a deep elf mage
  9026 | D:11     | Killed a deep elf mage
  9347 | D:12     | Entered Level 12 of the Dungeon
  9347 | D:12     | Noticed a deep elf mage
  9347 | D:12     | Noticed a two-headed ogre
  9355 | D:12     | Killed a two-headed ogre
  9361 | D:12     | Killed a deep elf mage
  9365 | D:12     | Gained mutation: You heal very quickly. [Troll growth]
  9365 | D:12     | Reached XP level 12. HP: 124/124 MP: 12/14
  9420 | D:12     | Noticed Snorg
  9427 | D:12     | Killed Snorg
  9427 | D:12     | Reached skill level 15 in Maces & Flails
  9427 | D:12     | Reached skill level 5 in Invocations
  9516 | D:12     | Noticed Roxanne
  9519 | D:12     | Noticed a two-headed ogre
  9528 | D:12     | Killed a two-headed ogre
  9528 | D:12     | Killed from afar by Roxanne

Skill      XL: |  1  2  3  4  5  6  7  8  9 10 11 12 |
---------------+-------------------------------------+-----
Maces & Flails | 3 4 5 6 8 9 11 13 14 15 | 15.3
Fighting       | 3 4 5 6 7 8 9 |  9.9
Invocations    | 4 5 |  5.8
Dodging        | |  2.4
Shields        | |  2.0

Action                   |  1- 3 |  4- 6 |  7- 9 | 10-12 || total
-------------------------+-------+-------+-------+-------++-------
Melee: Flail             |    71 |       |       |       ||    71
       Whip              |    35 |   168 |   160 |       ||   363
       Giant club        |       |       |   113 |   222 ||   335
Invok: Divine Shield     |       |       |       |     2 ||     2
  Use: Scroll            |       |     4 |    14 |     8 ||    26
       Potion            |       |     2 |       |     3 ||     5
 Stab: Sleeping          |       |     3 |       |       ||     3
  Eat: Chunk             |    13 |     7 |    23 |    25 ||    68
Armor: Skin              |    44 |    59 |    92 |    85 ||   280
Dodge: Dodged            |    53 |    38 |   100 |   101 ||   292
Block: Medium shield     |    57 |    66 |    65 |       ||   188
       Other             |       |       |    25 |    53 ||    78
       Reflection        |       |       |     3 |     5 ||     8
